 Dungeon Crawl Stone Soup version 0.28.0 (console) character file.

Game seed: 13269078086918848308

73 isthmus the Cutter (level 4, -1/23 HPs)
             Began as a Vine Stalker Cinder Acolyte on Feb 10, 2022.
             Was a High Priest of Ignis.
             Killed by divine providence
             ... invoked by an orc priest
              (12 damage)
             ... on level 3 of the Dungeon.
             The game lasted 00:07:41 (1760 turns).

isthmus the Cutter (Vine Stalker Cinder Acolyte)    Turns: 1760, Time: 00:07:41

Health: -1/23      AC:  6    Str: 16    XL:     4   Next: 27%
Magic:  0/15       EV:  9    Int: 14    God:    Ignis [*****.]
Gold:   71         SH:  0    Dex: 12    Spells: 5/5 levels left

rFire   + . .      SeeInvis .   a - +3 long sword (vorpal)
rCold   . . .      Faith    .   (no shield)
rNeg    . . .      Spirit   +   n - +0 scale mail
rPois   .          Reflect  .   (no helmet)
rElec   .          Harm     .   (no cloak)
rCorr   .          Rampage  .   (no gloves)
Will    .....                   (no boots)
Stlth   ..........              (no amulet)
HPRegen 0.87/turn               f - ring of magical power
MPRegen 0.14/turn               (no ring)

@: no status effects
A: fangs 2, regeneration 1, magic shield, antimagic bite, no potion heal 2
a: Renounce Religion, Fiery Armour, Foxfire Swarm, Rising Flame


You were on level 3 of the Dungeon.
You worshipped Ignis.
Ignis was extremely pleased with you.
You visited 1 branch of the dungeon, and saw 3 of its levels.

You collected 71 gold pieces.

Inventory:

Hand Weapons
 a - a +3 vorpal long sword (weapon)
 i - a +0 hand axe of venom
 r - a -1 short sword of flaming
Missiles
 c - 58 stones
 m - 2 atropa-tipped darts (quivered)
Armour
 b - a +0 robe
 g - a +0 ring mail
 n - a +0 scale mail (worn)
Jewellery
 f - a ring of magical power (left hand)
 l - a ring of ice
Scrolls
 p - a scroll of brand weapon {unknown}
 q - a scroll of noise {unknown}
Potions
 d - 2 potions of lignification {unknown}
 e - 3 potions of curing {unknown}
 h - a potion of invisibility {unknown}
 j - a potion of haste {unknown}
 k - a potion of ambrosia {unknown}
 o - a potion of brilliance {unknown}


   Skills:
 + Level 2.7 Fighting
 - Level 4.3 Short Blades
 * Level 0.0(2.5) Long Blades
 * Level 0.0 Armour
 - Level 1.4 Stealth
 - Level 1.1 Spellcasting
 - Level 3.0 Fire Magic


You had 5 spell levels left.
You didn't know any spells.
Your spell library contained the following spells:

 Spells                   Type           Power      Damage    Failure   Level
 Scorch                   Fire           18%        2d6       41%         2


Dungeon Overview and Level Annotations

Branches:
Dungeon (3/15)

Altars:

Shops:
D:1 :


Innate Abilities, Weirdness & Mutations

You have extremely sharp teeth.
Your natural rate of healing is unusually fast.
When hurt, damage is shared between your health and your magic reserves.
Your bite disrupts and absorbs the magic of your enemies.
Potions cannot restore your health.


Message History

You slash the kobold!
You kill the kobold!
You see here a +0 whip.
You start resting.
Magic restored.
Found a stone staircase leading down.
You now have 71 gold pieces (gained 12).
An orc wizard comes into view. It is wielding a +0 dagger.
The orc wizard shouts!
You hear a shout!
An orc priest comes into view. It is wielding a +0 flail.
The orc wizard moves out of view.
An orc comes into view. It is wielding a +0 dagger.
An orc comes into view. It is wielding a +0 mace.
The orc shouts!
The orc priest shouts!
The orc priest mumbles some strange prayers to Beogh against you.
Beogh smites you!
Okay, then.
The orc priest mumbles some strange prayers to Beogh against you.
You struggle to resist.
The orc priest calls down the wrath of Beogh upon you.
Beogh smites you!
* * * LOW HITPOINT WARNING * * *
You see here a +0 ring mail.
The orc wizard mumbles some strange words.
The orc wizard flickers and vanishes!
Deactivating autopickup; reactivate with Ctrl-A.
Things that are here:
a +0 falchion; a +0 leather armour; an orc corpse Unknown command.
The orc closely misses you.
You see here a bat corpse.
The orc priest calls down the wrath of Beogh upon you.
Pain shoots through your body!
The orc priest mumbles some strange prayers to Beogh against you.
Pain shoots through your body!
* * * LOW HITPOINT WARNING * * *
The orc priest invokes the aid of Beogh against you.
Beogh smites you!
Ouch! That really hurt!
You die...

#≈≈....#.#.##.##.# .
#≈≈....#.....>...#
####≈≈....#.##....###
≈≈≈≈≈≈....#...........
≈≈≈≈≈≈....#.##.#...###
....P.....#.##.#...#
............##.#...#
#######.######.#...# #.#
#.#...# #.######+#####
#.@.o.......#
#.....†.....#######
#..................
#......o...........
#..................
##'#####o#......... #.#
#.#......... ######.###
#.#.........
#........###.#.........
........................
##........###.##########


You could see an orc priest and 2 orcs.

Vanquished Creatures
  An adder (D:2)
  A worm (D:2)
  2 dart slugs
  An orc (D:3)
  6 bats
  5 endoplasms
  A giant cockroach (D:1)
  5 goblins
  3 hobgoblins
  6 jackals (D:1)
  5 kobolds
  3 quokkas
  4 ball pythons
  3 frilled lizards
  5 rats
51 creatures vanquished.

Vanquished Creatures (others)
  A plant (D:2)
1 creature vanquished.

Grand Total: 52 creatures vanquished

Notes
Turn   | Place    | Note
-------+----------+-------------------------------------------
     0 | D:1      | isthmus the Vine Stalker Cinder Acolyte began the quest for
                  | the Orb.
     0 | D:1      | Reached XP level 1. HP: 11/11 MP: 3/3
    34 | D:1      | Found Yvvoreur's Book Emporium.
   181 | D:1      | Reached skill level 3 in Short Blades
   186 | D:1      | Reached XP level 2. HP: 9/16 MP: 1/4
   359 | D:1      | Reached XP level 3. HP: 10/19 MP: 2/5
  1014 | D:1      | Reached skill level 4 in Short Blades
  1269 | D:2      | Reached skill level 1 in Stealth
  1280 | D:2      | Gained mutation: Your natural rate of healing is unusually
                  | fast. [Vine Stalker growth]
  1280 | D:2      | Reached XP level 4. HP: 18/23 MP: 6/6
  1760 | D:3      | Killed from afar by an orc priest

Illustrated notes

Levels and vault maps discovered:
D:1:      lightli_arrival_boilingwater, layout_basic, serial_shops,
          nicolae_shop_statue_plus
D:2:      layout_rooms, serial_bayou_ford_a
D:3:      lemuel_castle_with_subvaults [lemuel_castle_interior_original],
          layout_basic, dilly_ecumenical_altar_fadedgnrine, uniq_terence

Skill      XL: |  1  2  3 |
---------------+----------+-----
Short Blades   | 3 4 |  4.3
Stealth        | 1 |  1.4
Fighting       | |  2.7
Spellcasting   | |  1.1
Fire Magic     | |  3.0

Action                   |  1- 3 |  4- 6 || total
-------------------------+-------+-------++-------
Melee: Short sword       |    96 |    19 ||   115
       Bite              |    19 |     6 ||    25
       Punch             |     1 |     1 ||     2
       Long sword        |       |     3 ||     3
Throw: Dart              |     3 |       ||     3
Invok: Fiery Armour      |     3 |       ||     3
  Use: Scroll            |     1 |       ||     1
 Stab: Sleeping          |     1 |       ||     1
Armor: Robe              |    17 |       ||    17
       Ring mail         |    19 |     1 ||    20
       Scale mail        |       |     6 ||     6
Dodge: Dodged            |    65 |     8 ||    73
